[Event "ICC tourney 2257 (45 10)"]
[Site "Internet Chess Club"]
[Date "2020.12.30"]
[Round "4"]
[White "krishghosh"]
[Black "MajesticSnake"]
[Result "1-0"]
[ICCResult "Black resigns"]
[WhiteElo "1520"]
[BlackElo "1217"]
[Opening "Queen's pawn, Mason variation"]
[ECO "D00"]
[NIC "QP.08"]
[Time "18:32:12"]
[PlyCount "91"]
[TimeControl "2700+10"]

1. d4 d5 2. Bf4 Nf6 3. Nd2 e6 4. e3 c5 5. c3 Nbd7 6. Ngf3 b6 7. Be2 Bb7 8.
O-O Be7 9. h3 O-O 10. Rc1 c4 11. b3 b5 12. bxc4 bxc4 13. Rb1 Bc6 14. Ne5
Nxe5 15. Bxe5 Nd7 16. Bh2 Qa5 17. Qc2 Nf6 18. f3 Rfd8 19. e4 Bd6 20. e5
Bxe5 21. Bxe5 Nd7 22. Bh2 Nb6 23. Bc7 Rdc8 24. Bxb6 axb6 25. Ra1 Ra7 26.
Rfb1 Rca8 27. Qb2 b5 28. a4 bxa4 29. Qa3 Qc7 30. Qc5 Ra5 31. Qb6 Qxb6 32.
Rxb6 Bd7 33. Bd1 a3 34. Rab1 h6 35. Rb8+ Rxb8 36. Rxb8+ Kh7 37. Bc2+ g6 38.
Rb1 a2 39. Ra1 Ra3 40. Kf2 Rxc3 41. Rxa2 f5 42. Nb1 Rxc2+ 43. Rxc2 Ba4 44.
Re2 c3 45. Nxc3 Bd7 46. Nxd5 { Black resigns } 1-0

[Event "ICC tourney 2257 (45 10)"]
[Site "Internet Chess Club"]
[Date "2020.12.30"]
[Round "4"]
[White "RobloxMadCity"]
[Black "KawordianKnight"]
[Result "1/2-1/2"]
[ICCResult "Game drawn by repetition"]
[WhiteElo "1420"]
[BlackElo "1553"]
[Opening "Scandinavian defense"]
[ECO "B01"]
[NIC "SD.03"]
[Time "18:32:12"]
[PlyCount "57"]
[TimeControl "2700+10"]

1. e4 d5 2. exd5 Nf6 3. Nc3 Nxd5 4. Nf3 Nxc3 5. bxc3 e6 6. Bc4 Be7 7. O-O
O-O 8. d4 b6 9. Bf4 Bb7 10. Re1 Nd7 11. Qe2 Nf6 12. Rad1 Nd5 13. Bxd5 Bxd5
14. c4 Bb7 15. d5 Bb4 16. Rf1 exd5 17. cxd5 a5 18. Qc4 Ba6 19. Qxc7 Qxc7
20. Bxc7 Bxf1 21. Kxf1 Rfc8 22. d6 Bxd6 23. Bxd6 Rxc2 24. a3 Rd8 25. Ke1
Re8+ 26. Kf1 Rd8 27. Ke1 Re8+ 28. Kf1 Rd8 29. Ke1 { Game drawn by
repetition } 1/2-1/2

[Event "ICC tourney 2257 (45 10)"]
[Site "Internet Chess Club"]
[Date "2020.12.30"]
[Round "4"]
[White "ishaan11"]
[Black "Fredzhang"]
[Result "0-1"]
[ICCResult "White resigns"]
[WhiteElo "1553"]
[BlackElo "1319"]
[Opening "Ruy Lopez: closed, 9.h3"]
[ECO "C96"]
[NIC "RL.21"]
[Time "18:31:22"]
[PlyCount "102"]
[TimeControl "2700+10"]

1. e4 e5 2. Nf3 Nc6 3. Bb5 a6 4. Ba4 b5 5. Bb3 Nf6 6. O-O d6 7. Re1 Be7 8.
h3 O-O 9. c3 Na5 10. d4 exd4 11. cxd4 Nxb3 12. Qxb3 Bb7 13. Nc3 Rb8 14. a3
c5 15. Qc2 Re8 16. Bf4 cxd4 17. Nxd4 Rc8 18. Qb3 d5 19. Rad1 Bc5 20. Nf5
Re6 21. Bg5 Re5 22. Nxd5 Bxf2+ 23. Kxf2 Bxd5 24. Rxd5 Qb6+ 25. Be3 Qe6 26.
Rxe5 Qxb3 27. Ne7+ Kf8 28. Nxc8 Qxb2+ 29. Re2 Qxe5 30. Nb6 a5 31. Rc2 Qxe4
32. Rc8+ Ne8 33. Bc5+ Kg8 34. Kg3 Qd3+ 35. Kf2 Qf5+ 36. Kg3 Qe5+ 37. Kf3 g6
38. g4 Kg7 39. g5 Nd6 40. Rc7 Nf5 41. Rc8 Nd4+ 42. Kg2 Qxg5+ 43. Kf2 Qh4+
44. Ke3 Nf5+ 45. Kd2 Qf4+ 46. Kd3 Nd6 47. Bd4+ f6 48. Rd8 Qf3+ 49. Kc2 Qc6+
50. Kd3 Qe4+ 51. Kc3 b4+ { White resigns } 0-1

[Event "ICC tourney 2257 (45 10)"]
[Site "Internet Chess Club"]
[Date "2020.12.30"]
[Round "4"]
[White "serenacool"]
[Black "ChemStud24"]
[Result "1-0"]
[ICCResult "Black checkmated"]
[WhiteElo "1282"]
[BlackElo "1434"]
[Opening "Sicilian: Najdorf, Byrne (English) attack"]
[ECO "B90"]
[NIC "SI.14"]
[Time "18:32:10"]
[PlyCount "47"]
[TimeControl "2700+10"]

1. e4 c5 2. Nf3 d6 3. d4 cxd4 4. Nxd4 Nf6 5. Nc3 a6 6. Be3 e5 7. Nf3 Be7 8.
Bc4 Nbd7 9. O-O b5 10. Bxf7+ Kxf7 11. Ng5+ Kg8 12. Ne6 Qa5 13. Nd5 Bf8 14.
f4 Bb7 15. Nxf6+ Nxf6 16. fxe5 dxe5 17. Rxf6 gxf6 18. Qg4+ Kf7 19. Ng5+
fxg5 20. Qd7+ Kg6 21. Qe6+ Kg7 22. Qxe5+ Kg6 23. Qe6+ Kg7 24. Bd4# { Black
checkmated } 1-0

[Event "ICC tourney 2257 (45 10)"]
[Site "Internet Chess Club"]
[Date "2020.12.30"]
[Round "4"]
[White "czw1"]
[Black "yuanbao2007"]
[Result "1-0"]
[ICCResult "Black resigns"]
[WhiteElo "1356"]
[BlackElo "1664"]
[Opening "French: Tarrasch, closed variation"]
[ECO "C05"]
[NIC "FR.17"]
[Time "18:31:25"]
[PlyCount "83"]
[TimeControl "2700+10"]

1. e4 e6 2. d4 d5 3. Nd2 Nf6 4. e5 Nfd7 5. Bd3 c5 6. c3 Nc6 7. Ngf3 Qb6 8.
O-O cxd4 9. cxd4 Nxd4 10. Nxd4 Qxd4 11. Nf3 Qb6 12. Qa4 Be7 13. Qg4 Kf8 14.
b3 f6 15. Be3 Qd8 16. Bd4 fxe5 17. Nxe5 Bf6 18. Nxd7+ Bxd7 19. Bc5+ Kg8 20.
Rae1 b6 21. Bd6 e5 22. Bc4 g6 23. Bxd5+ Kg7 24. Qe2 Bb5 25. Qxb5 Qxd6 26.
Bxa8 Rxa8 27. Rd1 Qe6 28. Qd7+ Qxd7 29. Rxd7+ Kh6 30. Rc1 e4 31. Rcc7 Be5
32. Rxh7+ Kg5 33. Rxa7 Rc8 34. g3 Kg4 35. Kg2 Rc2 36. Rh4+ Kf5 37. Rf7+ Ke6
38. Rb7 Bd4 39. Rxe4+ Kd5 40. Rf4 Rxa2 41. Rd7+ Kc5 42. Rdxd4 { Black
resigns } 1-0

[Event "ICC tourney 2257 (45 10)"]
[Site "Internet Chess Club"]
[Date "2020.12.30"]
[Round "4"]
[White "fhunfi"]
[Black "ScorpianFire7"]
[Result "1-0"]
[ICCResult "Black resigns"]
[WhiteElo "1693"]
[BlackElo "1503"]
[Opening "Ruy Lopez: Treybal (Bayreuth) variation (exchange var. deferred)"]
[ECO "C77"]
[NIC "RL.12"]
[Time "18:31:59"]
[PlyCount "53"]
[TimeControl "2700+10"]

1. e4 e5 2. Nf3 Nc6 3. Bb5 a6 4. Ba4 Nf6 5. Bxc6 dxc6 6. d3 Bg4 7. h3 Bxf3
8. Qxf3 Bc5 9. Nd2 h6 10. Nc4 Qe7 11. Ne3 O-O 12. Nf5 Qe6 13. Bd2 Kh7 14.
g4 Rfe8 15. Rg1 Ng8 16. g5 g6 17. Ng3 hxg5 18. Bxg5 Be7 19. h4 Qd6 20.
O-O-O Qe6 21. Kb1 Bxg5 22. hxg5 Ne7 23. Rh1+ Kg7 24. Rh4 Rh8 25. Rdh1 Rxh4
26. Rxh4 Rh8 27. Qf6+ { Black resigns } 1-0

[Event "ICC tourney 2257 (45 10)"]
[Site "Internet Chess Club"]
[Date "2020.12.30"]
[Round "4"]
[White "Supersky"]
[Black "lwaharte"]
[Result "0-1"]
[ICCResult "White checkmated"]
[WhiteElo "1312"]
[BlackElo "1473"]
[Opening "King's Indian: East Indian defense"]
[ECO "A48"]
[NIC "QP.06"]
[Time "18:32:12"]
[PlyCount "56"]
[TimeControl "2700+10"]

1. d4 Nf6 2. Nf3 g6 3. e3 Bg7 4. Bd3 O-O 5. c4 d6 6. b3 Nc6 7. Bb2 Bg4 8.
Nbd2 Re8 9. h3 Bxf3 10. Nxf3 e5 11. dxe5 dxe5 12. e4 Qe7 13. O-O Rad8 14.
Qe2 Nh5 15. Qe3 Nf4 16. Rad1 Bh6 17. Kh2 Nxd3 18. Qxh6 Nxb2 19. Rd2 Nd3 20.
Rfd1 Nf4 21. g3 Ne6 22. h4 Ncd4 23. Nxe5 Qf6 24. Ng4 Qf3 25. Kh3 Ne2 26. e5
N6f4+ 27. Qxf4 Nxf4+ 28. Kh2 Qg2# { White checkmated } 0-1

[Event "ICC tourney 2257 (45 10)"]
[Site "Internet Chess Club"]
[Date "2020.12.30"]
[Round "4"]
[White "michaelxiao"]
[Black "JudeNYC"]
[Result "0-1"]
[ICCResult "White resigns"]
[WhiteElo "1318"]
[BlackElo "1581"]
[Opening "Caro-Kann: anti-anti-Caro-Kann defense"]
[ECO "B10"]
[NIC "CK.01"]
[Time "18:32:12"]
[PlyCount "88"]
[TimeControl "2700+10"]

1. e4 c6 2. c4 d5 3. exd5 cxd5 4. cxd5 Nf6 5. Nf3 Nxd5 6. g3 g6 7. Bg2 Bg7
8. O-O O-O 9. Nc3 Nxc3 10. dxc3 Nc6 11. Bg5 Bg4 12. Re1 Qxd1 13. Raxd1 Ne5
14. Re3 Rfd8 15. Rxd8+ Rxd8 16. h3 Rd1+ 17. Kh2 Bxf3 18. Bxf3 Nxf3+ 19.
Rxf3 e6 20. h4 h6 21. Be3 b6 22. Rf4 Rb1 23. Rb4 Kf8 24. Kg2 Ke7 25. Kf3
Kd6 26. Ke4 f5+ 27. Kd3 Rd1+ 28. Ke2 Rd5 29. g4 Ra5 30. gxf5 exf5 31. a3
Kc6 32. Rc4+ Kb7 33. Bf4 Be5 34. Bxh6 Rb5 35. b4 Rd5 36. Bf4 b5 37. Rc5
Rxc5 38. bxc5 Bxf4 39. Kf3 Be5 40. c6+ Kxc6 41. h5 gxh5 42. Kg2 Bxc3 43.
Kh3 b4 44. Kh4 bxa3 { White resigns } 0-1

[Event "ICC tourney 2257 (45 10)"]
[Site "Internet Chess Club"]
[Date "2020.12.30"]
[Round "4"]
[White "Neal-Li"]
[Black "trucker"]
[Result "1-0"]
[ICCResult "Black resigns"]
[WhiteElo "1551"]
[BlackElo "1610"]
[Opening "King's Indian: Torre attack"]
[ECO "A48"]
[NIC "QP.01"]
[Time "18:32:08"]
[PlyCount "79"]
[TimeControl "2700+10"]

1. d4 Nf6 2. Nf3 g6 3. Bg5 Bg7 4. Nbd2 c5 5. e3 O-O 6. c3 d6 7. Be2 Nbd7 8.
h3 a6 9. a4 b6 10. O-O Bb7 11. Re1 h6 12. Bh4 Re8 13. Bf1 Nf8 14. Bg3 g5
15. dxc5 bxc5 16. h4 g4 17. Nh2 Bc8 18. e4 e5 19. Nc4 Ra7 20. Qxd6 Rd7 21.
Qxc5 Ng6 22. Qe3 Bb7 23. Qb6 h5 24. Qxd8 Rexd8 25. f3 gxf3 26. gxf3 Ne8 27.
Na5 Bf8 28. Nxb7 Rxb7 29. b4 a5 30. bxa5 Bc5+ 31. Kg2 Rd2+ 32. Kh1 Bf2 33.
Bxf2 Rxf2 34. Rab1 Ra7 35. Rb8 Kf8 36. Bb5 Re7 37. a6 Nxh4 38. Rxe8+ Rxe8
39. Bxe8 Kxe8 40. a7 { Black resigns } 1-0

[Event "ICC tourney 2257 (45 10)"]
[Site "Internet Chess Club"]
[Date "2020.12.30"]
[Round "4"]
[White "JackOliver"]
[Black "marinaxiao"]
[Result "0-1"]
[ICCResult "White checkmated"]
[WhiteElo "1449"]
[BlackElo "1556"]
[Opening "King's Indian: London system"]
[ECO "A45"]
[NIC "QP.03"]
[Time "18:31:24"]
[PlyCount "88"]
[TimeControl "2700+10"]

1. d4 Nf6 2. Bf4 g6 3. Nf3 Bg7 4. e3 O-O 5. c3 d6 6. Bd3 Bg4 7. Nbd2 Nbd7
8. h3 Bxf3 9. Nxf3 Re8 10. Bh2 e5 11. dxe5 dxe5 12. Bc4 Ne4 13. Bxf7+ Kxf7
14. Qd5+ Re6 15. Qxe4 Nc5 16. Qc2 Nd3+ 17. Ke2 e4 18. Nd4 Bxd4 19. cxd4 Rc8
20. Qb3 Qf6 21. Bg3 Rb8 22. Rhf1 Kf8 23. Bxc7 Rbe8 24. Rab1 R6e7 25. Qa3
Kg7 26. Bg3 h5 27. Bh2 Qg5 28. Rg1 Qb5 29. Kd2 Nxf2 30. Be5+ Rxe5 31. dxe5
Rd8+ 32. Ke1 Nd3+ 33. Ke2 Nc1+ 34. Kf2 Rd2+ 35. Kg3 Qxe5+ 36. Kh4 g5+ 37.
Kxh5 g4+ 38. Kxg4 Kg6 39. h4 Qf5+ 40. Kg3 Ne2+ 41. Kh2 Qg4 42. g3 Nxg3+ 43.
Rg2 Nf1+ 44. Kg1 Qxg2# { White checkmated } 0-1

[Event "ICC tourney 2257 (45 10)"]
[Site "Internet Chess Club"]
[Date "2020.12.30"]
[Round "4"]
[White "chessvedant19"]
[Black "andrewharris24"]
[Result "0-1"]
[ICCResult "White checkmated"]
[WhiteElo "1522"]
[BlackElo "1692"]
[Opening "Queen's pawn: Chigorin variation"]
[ECO "D00"]
[NIC "QP.08"]
[Time "18:31:39"]
[PlyCount "86"]
[TimeControl "2700+10"]

1. d4 d5 2. Nc3 Nf6 3. Bf4 Bf5 4. f3 e6 5. g4 Bg6 6. h4 h6 7. e3 c5 8. Nb5
Qa5+ 9. b4 Qxb4+ 10. c3 Qa5 11. Nc7+ Kd8 12. Nxa8 Qxc3+ 13. Kf2 cxd4 14.
exd4 Nc6 15. Rc1 Qb2+ 16. Qd2 Qa3 17. Bb5 Bb4 18. Qe3 Kd7 19. Bxc6+ bxc6
20. Nc7 Qa5 21. Ne2 Bd6 22. Bxd6 Kxd6 23. Qf4+ Kd7 24. Nxe6 fxe6 25. Rc5
Qxa2 26. Rhc1 Bd3 27. Rxc6 Qxe2+ 28. Kg3 Rg8 29. Rc7+ Ke8 30. Qd6 Ne4+ 31.
fxe4 Qe3+ 32. Kh2 Qf2+ 33. Kh3 Bf1+ 34. Rxf1 Qxf1+ 35. Kg3 Qg1+ 36. Kf4
Qh2+ 37. Ke3 Qxd6 38. Rxa7 Rf8 39. Ra8+ Kf7 40. Ra7+ Kg8 41. e5 Qb8 42. Ra3
Qb2 43. Rd3 Qf2# { White checkmated } 0-1

[Event "ICC tourney 2257 (45 10)"]
[Site "Internet Chess Club"]
[Date "2020.12.30"]
[Round "4"]
[White "ParthP2003"]
[Black "al68067"]
[Result "0-1"]
[ICCResult "White resigns"]
[WhiteElo "1709"]
[BlackElo "1091"]
[Opening "Scandinavian (center counter) defense"]
[ECO "B01"]
[NIC "SD.01"]
[Time "18:31:43"]
[PlyCount "114"]
[TimeControl "2700+10"]

1. e4 d5 2. exd5 Qxd5 3. Nc3 Qa5 4. Nf3 Bf5 5. d4 c6 6. Be2 Nf6 7. O-O e6
8. Bf4 Nbd7 9. Re1 Bb4 10. Bd2 Nd5 11. Nxd5 Bxd2 12. Qxd2 Qxd5 13. c4 Qd6
14. Nh4 Bg6 15. Bg4 Nf6 16. Bf3 Rd8 17. Rad1 Bh5 18. Bxh5 Nxh5 19. Qg5 g6
20. d5 O-O 21. Re2 cxd5 22. cxd5 Qf4 23. Qxf4 Nxf4 24. Red2 Nxd5 25. Nf3
Rc8 26. Kf1 Rc7 27. Nd4 a6 28. g3 Rfc8 29. Ke2 Kg7 30. a3 Kf6 31. f4 h6 32.
Kf3 Rc1 33. g4 Rxd1 34. Rxd1 Rc7 35. h4 Rc4 36. g5+ hxg5 37. hxg5+ Ke7 38.
Ke4 Kd6 39. Rd2 Kc5 40. b4+ Kd6 41. Rd3 Nxf4 42. Kxf4 e5+ 43. Ke4 Rxd4+ 44.
Rxd4+ exd4 45. Kxd4 Ke6 46. Ke4 f6 47. a4 fxg5 48. b5 axb5 49. axb5 g4 50.
Kf4 g3 51. Kxg3 Kd5 52. Kg4 Kc5 53. Kg5 Kxb5 54. Kxg6 Kc4 55. Kf5 b5 56.
Ke4 Kc3 57. Ke3 b4 { White resigns } 0-1

[Event "ICC tourney 2257 (45 10)"]
[Site "Internet Chess Club"]
[Date "2020.12.30"]
[Round "4"]
[White "crazyhorse9"]
[Black "IvSa"]
[Result "0-1"]
[ICCResult "White resigns"]
[WhiteElo "1462"]
[BlackElo "1655"]
[Opening "Scandinavian (center counter) defense"]
[ECO "B01"]
[NIC "SD.02"]
[Time "18:31:24"]
[PlyCount "88"]
[TimeControl "2700+10"]

1. e4 d5 2. exd5 Qxd5 3. Nc3 Qd8 4. Bc4 Nf6 5. d4 c6 6. Nf3 Bg4 7. Be3 e6
8. h3 Bh5 9. g4 Bg6 10. Qe2 Nbd7 11. O-O-O Nb6 12. Bb3 Nbd5 13. Nxd5 cxd5
14. Kb1 Bd6 15. Bg5 h6 16. Bxf6 gxf6 17. Bxd5 O-O 18. Be4 Qe7 19. Bxg6 fxg6
20. Rde1 Rfe8 21. Qd3 Qf7 22. h4 Rad8 23. g5 fxg5 24. hxg5 h5 25. Nh4 Kg7
26. Re3 Bf4 27. Rf3 e5 28. Qe4 Rxd4 29. Qe1 Qd5 30. Rc3 Re7 31. Nf3 Bd2 32.
Nxd2 Rxd2 33. a3 Rd7 34. Re3 Qc6 35. Rc3 Qd5 36. Re3 Rd1+ 37. Qxd1 Qxd1+
38. Rxd1 Rxd1+ 39. Ka2 Rf1 40. Rxe5 Rxf2 41. Re7+ Rf7 42. Re2 h4 43. Rf2
Rxf2 44. Kb3 h3 { White resigns } 0-1

[Event "ICC tourney 2257 (45 10)"]
[Site "Internet Chess Club"]
[Date "2020.12.30"]
[Round "4"]
[White "GoIrish"]
[Black "edenhe"]
[Result "0-1"]
[ICCResult "White checkmated"]
[WhiteElo "1486"]
[BlackElo "1518"]
[Opening "Réti: King's Indian attack (Barcza system)"]
[ECO "A07"]
[NIC "QP.09"]
[Time "18:31:21"]
[PlyCount "162"]
[TimeControl "2700+10"]

1. Nf3 d5 2. g3 Nf6 3. Bg2 Bf5 4. O-O e6 5. d3 Be7 6. Nbd2 O-O 7. Nh4 Bg6
8. Nxg6 hxg6 9. e4 dxe4 10. dxe4 e5 11. b3 Nc6 12. Bb2 Qd7 13. Nc4 Bd6 14.
Nxd6 Qxd6 15. Qxd6 cxd6 16. Rad1 Rfd8 17. Rd2 Rd7 18. Rfd1 Ne8 19. Bh3 Rdd8
20. c3 Kf8 21. Ba3 Ke7 22. Rd3 a6 23. f4 f6 24. Bc1 Nc7 25. Ba3 Nb5 26. Bb2
b6 27. a4 Nc7 28. Ba3 Ne8 29. f5 g5 30. Bg4 Na5 31. c4 Nb7 32. Bh5 Nc7 33.
h4 gxh4 34. gxh4 Rd7 35. Rg3 Rg8 36. Bg6 Kf8 37. h5 a5 38. Rd2 Na6 39. Rh2
Nac5 40. Re3 Rh8 41. Rd2 Ke7 42. Kf2 Kf8 43. Rd1 Ke7 44. Ke2 Kd8 45. Kf3
Kc7 46. Bc1 Nd8 47. Rh1 Nc6 48. Bb2 Kb7 49. Rd1 Kc7 50. Rh1 Re7 51. Rc3
Nd4+ 52. Ke3 Ndxb3 53. Ba3 Nd4 54. Bxc5 bxc5 55. Rb1 Rb8 56. Rxb8 Kxb8 57.
Rc1 Rb7 58. Rh1 Rb3+ 59. Kd2 Rb2+ 60. Kc3 Rb3+ 61. Kd2 Rb4 62. h6 gxh6 63.
Rxh6 Rxa4 64. Rh8+ Kc7 65. Kc3 Ra3+ 66. Kb2 Rb3+ 67. Ka2 a4 68. Rh7+ Kb6
69. Be8 Rb4 70. Bf7 Nc2 71. Bd5 Ka6 72. Rh8 Ka7 73. Ra8+ Kb6 74. Rf8 Kc7
75. Rf7+ Kd8 76. Rxf6 a3 77. Rxd6+ Ke7 78. Re6+ Kd8 79. Rd6+ Kc7 80. Rc6+
Kd7 81. f6 Rb2# { White checkmated } 0-1

[Event "ICC tourney 2257 (45 10)"]
[Site "Internet Chess Club"]
[Date "2020.12.30"]
[Round "4"]
[White "pusheen2019"]
[Black "mrerikchin"]
[Result "1/2-1/2"]
[ICCResult "Game drawn by mutual agreement"]
[WhiteElo "1499"]
[BlackElo "1636"]
[Opening "Sicilian: Alapin's variation (2.c3)"]
[ECO "B22"]
[NIC "SI.47"]
[Time "18:31:30"]
[PlyCount "61"]
[TimeControl "2700+10"]

1. e4 c5 2. c3 Nf6 3. e5 Nd5 4. d4 cxd4 5. cxd4 Nc6 6. Nf3 d6 7. Bc4 Nb6 8.
Bb5 dxe5 9. Nxe5 Bd7 10. Nxd7 Qxd7 11. Be3 e6 12. O-O Be7 13. Nd2 O-O 14.
Qg4 Kh8 15. Rac1 Rac8 16. a3 Nd5 17. Qh3 Nf6 18. Nf3 Qd5 19. Bd3 Qh5 20.
Qg3 Qg4 21. Qxg4 Nxg4 22. Rc4 b5 23. Rc3 b4 24. axb4 Nxb4 25. Be4 Nf6 26.
Bb1 Nbd5 27. Rxc8 Rxc8 28. Ne5 Kg8 29. Rd1 Rc7 30. g3 h6 31. Kg2 { Game
drawn by mutual agreement } 1/2-1/2

[Event "ICC tourney 2257 (45 10)"]
[Site "Internet Chess Club"]
[Date "2020.12.30"]
[Round "4"]
[White "iamvoltu"]
[Black "Abhinac123"]
[Result "1-0"]
[ICCResult "Black checkmated"]
[WhiteElo "1600"]
[BlackElo "1463"]
[Opening "Queen's bishop game"]
[ECO "D00"]
[NIC "QP.08"]
[Time "18:31:51"]
[PlyCount "79"]
[TimeControl "2700+10"]

1. d4 d5 2. Bf4 Nf6 3. Nf3 Bf5 4. e3 e6 5. c4 c6 6. Nc3 Bd6 7. Bxd6 Qxd6 8.
Bd3 Bg6 9. Bxg6 hxg6 10. Qb3 Qc7 11. Rc1 dxc4 12. Qxc4 Qb6 13. b3 Nbd7 14.
O-O O-O 15. Rfd1 Nd5 16. Ne5 Nxe5 17. dxe5 Rad8 18. Ne4 f5 19. Ng5 Rfe8 20.
Qh4 Ne7 21. Qh7+ Kf8 22. Nxe6+ Kf7 23. Nxd8+ Rxd8 24. Rxd8 Qxd8 25. h4 Qd2
26. Rf1 Qxa2 27. h5 gxh5 28. Qxh5+ g6 29. Qh7+ Ke6 30. Rd1 Nd5 31. Qxg6+
Kxe5 32. f4+ Nxf4 33. exf4+ Kxf4 34. Rf1+ Ke3 35. Qg5+ Kd4 36. Rf4+ Kc3 37.
Qg3+ Kb2 38. Rf2+ Ka1 39. Qc3+ Kb1 40. Qe1# { Black checkmated } 1-0

[Event "ICC tourney 2257 (45 10)"]
[Site "Internet Chess Club"]
[Date "2020.12.30"]
[Round "5"]
[White "yav"]
[Black "bluntjackson"]
[Result "1-0"]
[ICCResult "Black resigns"]
[WhiteElo "1335"]
[BlackElo "1473"]
[Opening "Sicilian defense"]
[ECO "B41"]
[NIC "SI.41"]
[Time "21:02:54"]
[PlyCount "21"]
[TimeControl "2700+10"]

1. e4 e6 2. Nf3 c5 3. d4 cxd4 4. Nxd4 Bc5 5. Nc3 Qb6 6. Na4 Qb4+ 7. c3 Qa5
8. b4 Bxb4 9. cxb4 Qxb4+ 10. Qd2 Qxa4 11. Bb5 { Black resigns } 1-0

[Event "ICC tourney 2257 (45 10)"]
[Site "Internet Chess Club"]
[Date "2020.12.30"]
[Round "5"]
[White "ChessG2011"]
[Black "michaelxiao"]
[Result "0-1"]
[ICCResult "White resigns"]
[WhiteElo "1183"]
[BlackElo "1318"]
[Opening "French: advance, Paulsen attack"]
[ECO "C02"]
[NIC "FR.03"]
[Time "21:03:05"]
[PlyCount "52"]
[TimeControl "2700+10"]

1. e4 e6 2. d4 d5 3. e5 c5 4. c3 Nc6 5. Nf3 Qb6 6. Na3 cxd4 7. cxd4 Bb4+ 8.
Bd2 Nxd4 9. Nxd4 Qxd4 10. Bxb4 Qxb4+ 11. Qd2 Qxd2+ 12. Kxd2 Ne7 13. Nb5 O-O
14. Nd6 Ng6 15. Re1 Rd8 16. g3 Nxe5 17. Nxb7 Nf3+ 18. Ke2 Bxb7 19. Rc1 Nd4+
20. Kd3 Nf5 21. Bg2 Ba6+ 22. Kd2 Rab8 23. b3 Rbc8 24. Rhe1 Rxc1 25. Rxc1
Rc8 26. Rc7 Rxc7 { White resigns } 0-1

[Event "ICC tourney 2257 (45 10)"]
[Site "Internet Chess Club"]
[Date "2020.12.30"]
[Round "5"]
[White "eliwilner"]
[Black "ishaan11"]
[Result "1-0"]
[ICCResult "Black checkmated"]
[WhiteElo "1333"]
[BlackElo "1553"]
[Opening "Sicilian: Smith-Morra gambit"]
[ECO "B21"]
[NIC "SI.48"]
[Time "21:02:53"]
[PlyCount "45"]
[TimeControl "2700+10"]

1. e4 c5 2. d4 cxd4 3. c3 dxc3 4. Nxc3 Nc6 5. Nf3 e6 6. Bc4 a6 7. O-O b5 8.
Bb3 Qc7 9. Qe2 d6 10. Rd1 Nf6 11. Bf4 Be7 12. Rac1 O-O 13. h3 Bb7 14. Nd5
exd5 15. exd5 Rfe8 16. dxc6 Bxc6 17. Bxf7+ Kxf7 18. Ng5+ Kg8 19. Qe6+ Kh8
20. Nf7+ Kg8 21. Nh6+ Kh8 22. Qg8+ Rxg8 23. Nf7# { Black checkmated } 1-0

[Event "ICC tourney 2257 (45 10)"]
[Site "Internet Chess Club"]
[Date "2020.12.30"]
[Round "5"]
[White "akshajp"]
[Black "MajesticSnake"]
[Result "0-1"]
[ICCResult "White resigns"]
[WhiteElo "1403"]
[BlackElo "1217"]
[Opening "Queen's pawn: Chigorin variation"]
[ECO "D00"]
[NIC "QP.08"]
[Time "21:03:42"]
[PlyCount "56"]
[TimeControl "2700+10"]

1. d4 d5 2. Nc3 Nf6 3. Bf4 e6 4. a3 a6 5. f3 Bd6 6. Bxd6 cxd6 7. Qd2 O-O 8.
e4 dxe4 9. fxe4 e5 10. Nf3 Nbd7 11. dxe5 Nxe5 12. Nxe5 dxe5 13. Bd3 b5 14.
O-O-O Bb7 15. Nd5 Bxd5 16. exd5 e4 17. Be2 Rc8 18. g4 Rc5 19. d6 Rd5 20.
Qf4 Rxd1+ 21. Rxd1 Re8 22. g5 Nd7 23. Rf1 Ne5 24. Rd1 Ng6 25. Qg3 Re5 26.
d7 Rxg5 27. Qc3 Ne7 28. Qc8 Nxc8 { White resigns } 0-1

[Event "ICC tourney 2257 (45 10)"]
[Site "Internet Chess Club"]
[Date "2020.12.30"]
[Round "5"]
[White "trucker"]
[Black "serenacool"]
[Result "0-1"]
[ICCResult "White resigns"]
[WhiteElo "1610"]
[BlackElo "1282"]
[Opening "Ruy Lopez: open, St. Petersburg variation"]
[ECO "C82"]
[NIC "RL.30"]
[Time "21:03:01"]
[PlyCount "36"]
[TimeControl "2700+10"]

1. e4 e5 2. Nf3 Nc6 3. Bb5 Nf6 4. O-O Nxe4 5. d4 a6 6. Ba4 b5 7. Bb3 d5 8.
dxe5 Be6 9. c3 Bc5 10. Nbd2 O-O 11. Bc2 Bxf2+ 12. Rxf2 Nxf2 13. Kxf2 f6 14.
Kg1 fxe5 15. Nxe5 Nxe5 16. Qh5 Ng6 17. Nf3 Qd6 18. Ng5 Qc5+ { White resigns
} 0-1

[Event "ICC tourney 2257 (45 10)"]
[Site "Internet Chess Club"]
[Date "2020.12.30"]
[Round "5"]
[White "salamenceg"]
[Black "ElijahL2020"]
[Result "0-1"]
[ICCResult "White resigns"]
[WhiteElo "1080"]
[BlackElo "1311"]
[Opening "Ruy Lopez: Classical defense deferred"]
[ECO "C70"]
[NIC "RL.09"]
[Time "21:02:55"]
[PlyCount "84"]
[TimeControl "2700+10"]

1. e4 e5 2. Nf3 Nc6 3. Bb5 a6 4. Ba4 Bc5 5. O-O b5 6. Bb3 d6 7. a4 b4 8. c3
a5 9. d4 exd4 10. cxd4 Bb6 11. Bd5 Bb7 12. Ng5 Nh6 13. Qh5 Qf6 14. Nf3 Ng8
15. Be3 Nge7 16. Ba2 O-O 17. Nh4 Nxd4 18. Bg5 Qe5 19. Qg4 Bc8 20. Nf5 Nexf5
21. exf5 Bxf5 22. Qd1 Bc2 23. Qg4 b3 24. Nd2 bxa2 25. Bh6 Bg6 26. Bf4 Ne2+
27. Kh1 Nxf4 28. Rae1 Qf5 29. Qf3 Ne6 30. Qc3 Qc5 31. Qf3 Bh5 32. Qg3 Qg5
33. Qd3 Nf4 34. Qg3 Qxg3 35. fxg3 Nd3 36. Ra1 Nf2+ 37. Kg1 Ne4+ 38. Kh1
Nxd2 39. Rf5 Bg6 40. Rd5 Ne4 41. Rxa2 c6 42. Rd1 Nf2+ { White resigns } 0-1

[Event "ICC tourney 2257 (45 10)"]
[Site "Internet Chess Club"]
[Date "2020.12.30"]
[Round "5"]
[White "Abhinac123"]
[Black "shrek"]
[Result "1-0"]
[ICCResult "Black resigns"]
[WhiteElo "1463"]
[BlackElo "1462"]
[Opening "Neo-Grünfeld defense"]
[ECO "D70"]
[NIC "KI.80"]
[Time "21:02:54"]
[PlyCount "46"]
[TimeControl "2700+10"]

1. d4 Nf6 2. c4 g6 3. Nf3 d5 4. cxd5 Nxd5 5. e4 Nb6 6. Nc3 Bg7 7. Be3 c6 8.
Be2 Bg4 9. O-O Bxf3 10. Bxf3 Nc4 11. Qb3 Nxe3 12. fxe3 Qb6 13. e5 Na6 14.
Bxc6+ Qxc6 15. Qxf7+ Kd7 16. Qxg7 Rhg8 17. Qf7 b5 18. d5 Qc5 19. Qe6+ Kc7
20. Qxa6 Qxe3+ 21. Kh1 Raf8 22. d6+ exd6 23. Qxd6+ Kb7 { Black resigns }
1-0

[Event "ICC tourney 2257 (45 10)"]
[Site "Internet Chess Club"]
[Date "2020.12.30"]
[Round "5"]
[White "SeannDSpeyer"]
[Black "ParthP2003"]
[Result "0-1"]
[ICCResult "White checkmated"]
[WhiteElo "1279"]
[BlackElo "1709"]
[Opening "Queen's pawn game, Darooha variation "]
[ECO "D02"]
[NIC "QP.08"]
[Time "21:02:51"]
[PlyCount "132"]
[TimeControl "2700+10"]

1. d4 d5 2. Nf3 Nf6 3. g3 Bf5 4. Bg2 e6 5. O-O Bd6 6. c4 O-O 7. Nc3 c6 8.
cxd5 exd5 9. Bg5 Nbd7 10. Qb3 Rb8 11. Rfe1 h6 12. Bxf6 Nxf6 13. Nh4 Bh7 14.
e3 Re8 15. Nf3 Ne4 16. Nxe4 Bxe4 17. Rac1 Be7 18. Qd1 Qa5 19. a3 Qd8 20.
Nd2 Bxg2 21. Kxg2 Qd6 22. e4 dxe4 23. Nxe4 Qd5 24. Kg1 Rbd8 25. Nc3 Qxd4
26. Qxd4 Rxd4 27. Re2 Kf8 28. Rce1 Rdd8 29. Ne4 f5 30. Nc3 Bf6 31. Na4 Rxe2
32. Rxe2 Re8 33. Rxe8+ Kxe8 34. Nc5 b6 35. Nd3 Kd7 36. b3 g5 37. Kf1 Kd6
38. Ke2 c5 39. a4 Kd5 40. Kd2 Ke4 41. Ke2 h5 42. f3+ Kd4 43. Kd2 c4 44.
bxc4 Kxc4 45. Kc2 Bd4 46. h3 a6 47. g4 hxg4 48. hxg4 fxg4 49. fxg4 a5 50.
Kd2 Kb3 51. Ne1 Bc3+ 52. Kd1 Bxe1 53. Kxe1 Kxa4 54. Kd1 Kb3 55. Kc1 a4 56.
Kb1 a3 57. Ka1 Kc3 58. Kb1 b5 59. Ka1 b4 60. Kb1 b3 61. Ka1 b2+ 62. Kb1 a2+
63. Kxa2 Kc2 64. Ka3 b1=Q 65. Ka4 Kc3 66. Ka3 Qb3# { White checkmated } 0-1